 Dungeon Crawl Stone Soup version 0.30-a0-719-gcc4359ea44 (webtiles) character file.

Game seed: 7138068359250101729

9734 browni3141 the Spear-Bearer (level 11, -4/80 HPs)
             Began as a Mummy Cinder Acolyte on Jan 26, 2023.
             Was a Priest of Ignis.
             Slain by a wraith (10 damage)
             ... led by Josephine
             ... on level 10 of the Dungeon.
             The game lasted 00:18:32 (8595 turns).

browni3141 the Spear-Bearer (Mummy Cinder Acolyte)  Turns: 8595, Time: 00:18:33

Health: -4/80      AC: 14    Str: 21    XL:     11   Next: 26%
Magic:  23/23      EV: 11    Int: 18    God:    Ignis [***...]
Gold:   531        SH:  0    Dex: 15    Spells: 10/12 levels left

rFire   + . .      SeeInvis .    G - +7 halberd (drain)
rCold   + . .      Faith    +    (shield currently unavailable)
rNeg    + + +      Spirit   .    t - +1 scale mail {rF+}
rPois   ∞          Reflect  .    f - +3 hat of Pondering {ponderous, Will+ MP+10 Int+5}
rElec   .          Harm     .    l - +0 cloak
rCorr   .          Rampage  .    p - +0 pair of gloves
Will    ++...                    (no boots) Stlth
                                 m - amulet of regeneration
HPRegen 1.13/turn                E - +4 ring of slaying
MPRegen 0.18/turn                j - +6 ring of dexterity

@: slowed, very slow
A: cold resistance 1, negative energy resistance 3, torment resistance 2, heat
vulnerability 1, in touch with death 1, no potions, faith
a: Renounce Religion, Fiery Armour, Foxfire Swarm, Rising Flame


You were on level 10 of the Dungeon.
You worshipped Ignis.
Ignis was most pleased with you.
You visited 1 branch of the dungeon, and saw 10 of its levels.
You also visited: Sewer.

You collected 531 gold pieces.

Inventory:

Hand Weapons
 a - a -1 spear of flaming
 b - a +0 spear
 u - a +2 spear of venom
 G - a +7 halberd of draining (weapon)
Missiles
 d - 6 boomerangs (quivered)
 k - 2 javelins
 x - 2 throwing nets
 C - 22 poisoned darts
Armour
 f - the +3 hat of Pondering (worn) {ponderous, Will+ MP+10 Int+5}
   (You took it off Gastronok on level 8 of the Dungeon)

   Int:       It affects your intelligence (+5).
   MP:        It affects your magic capacity (+10).
   Will:      It increases your willpower.
 l - a +0 cloak (worn)
 p - a +0 pair of gloves (worn)
 q - a +0 chain mail
 t - a +1 scale mail of fire resistance (worn)
 A - a +0 tower shield
Jewellery
 h - a ring of see invisible
 j - a +6 ring of dexterity (right hand)
 m - an amulet of regeneration (around neck)
 E - a +4 ring of slaying (left hand)
 I - a ring of flight
Wands
 w - a wand of mindburst (10)
 y - a wand of iceblast (13)
 F - a wand of paralysis (8)
Scrolls
 c - 2 scrolls of noise
 e - a scroll of enchant armour {unknown}
 g - a scroll of immolation
 i - 4 scrolls of enchant weapon
 o - 4 scrolls of teleportation
 r - 2 scrolls of amnesia
 s - a scroll of vulnerability
 v - 2 scrolls of fog {unknown}
 z - a scroll of fear {unknown}
 B - 4 scrolls of magic mapping {unknown}
 D - a scroll of poison {unknown}
 H - 6 scrolls of identify
 J - a scroll of torment {unknown}


   Skills:
 + Level 5.6 Fighting
 * Level 9.9 Polearms
 + Level 4.3 Throwing
 * Level 7.6 Armour
 + Level 3.6 Dodging
 - Level 1.0 Stealth
 - Level 1.3 Spellcasting
 - Level 2.4 Fire Magic
 + Level 4.3 Evocations


You had 10 spell levels left.
You knew the following spells:

 Your Spells              Type           Power      Damage    Failure   Level
a - Scorch                Fire           18%        2d5       26%         2

Your spell library contained the following spells:

 Spells                   Type           Power      Damage    Failure   Level
 Magic Dart               Conj           4%         1d3       43%         1
 Necrotise                Necr           4%         1d4       43%         1
 Call Imp                 Summ           1%         N/A       56%         2
 Ignite Poison            Fire/Tmut/Pois 4%         N/A       71%         3
 Kindle Blastsparks       Fire/Tloc/Air  8%         2d10      71%         3
 Frozen Ramparts          Ice            2%         1d1       80%         3
 Mephitic Cloud           Conj/Pois/Air  1%         N/A       80%         3
 Vampiric Draining        Necr           1%         2d6       80%         3
 Summon Ice Beast         Ice/Summ       1%         N/A       99%         4
 Agony                    Necr           1%         N/A       100%        5
 Freezing Cloud           Conj/Ice/Air   0%         6-21      100%        5
 Simulacrum               Ice/Necr       0%         N/A       100%        6
 Polar Vortex             Ice            0%         N/A       100%        9
 Ice Form                 Ice/Tmut       Unusable   N/A       N/A         4

Dungeon Overview and Level Annotations

Branches:
Dungeon (10/15)            Temple (0/1) D:4           Sewer (visited)
   Lair: D:8-11         Orc: D:9-12

Altars:
Sif Muna

Annotations:
D:2 1 runed translucent door, Crazy Yiuf, Natasha
D:10 Josephine


Innate Abilities, Weirdness & Mutations

You are immune to poison.
Your flesh is cold resistant. (rC+)
You are immune to negative energy. (rN+++)
You are immune to unholy pain and torment.
You are vulnerable to heat. (rF-)
You are in touch with the powers of death.
You do not drink.
You have a special connection with the divine. (Faith)


Message History

Josephine is heavily wounded.
Josephine hits you with a +0 dagger! Josephine hits you but does no damage.
The wraith completely misses you.
You closely miss Josephine.
Josephine is heavily wounded.
The wraith hits you but does no damage. Josephine casts a spell at you.
You convulse!
You closely miss Josephine.
Josephine is heavily wounded.
You feel yourself speed up. The wraith hits you. The wraith drains your vigour!
You feel yourself slow down. The wraith hits you.
Josephine hits you but does no damage. The wraith completely misses you.
The wraith hits you. The wraith drains your vigour!
You feel as though you will be slow longer.
Josephine hits you but does no damage.
You hit Josephine.
Josephine is heavily wounded.
Josephine hits you with a +0 dagger. The wraith completely misses you.
You hit Josephine.
Josephine is heavily wounded.
The wraith barely misses you. The wraith hits you!
* * * LOW HITPOINT WARNING * * *
The wraith drains your vigour!
You feel as though you will be slow longer.
The wraith closely misses you. Josephine casts a spell at you.
You convulse!
* * * LOW HITPOINT WARNING * * *
The wraith barely misses you. The wraith hits you but does no damage.
The wraith misses you. Josephine hits you but does no damage.
Okay, then.
Unknown command.
Aiming: Paralyse
Press: ? - help, Shift-Dir - straight line, f/p - Josephine
Aim: Josephine, wielding a +0 dagger and wearing a +0 robe (heavily wounded, chance to affect: 26%)
Okay, then.
The wraith attacks as you move away! The wraith hits you!
You die...

############
#.####...W.......
........@WW..#.#
#.#.##.##@W..#.#
#. ##.#.#.#####
.. #.........# #
@#. ###.#.#.#.#.#
W##? #.#.#.#.#.#
#. #. #.........#
#
#.........#...###
######.####..#
#.# #..#


You could see Josephine and 4 wraiths.

Vanquished Creatures
  Gastronok (D:8)
  Erolcha (D:9)
  2 boulder beetles
  Maggie (D:8)
  2 wraiths (D:10)
  10 yaks (D:10)
  2 steam dragons
  2 water moccasins
  6 orc warriors
  2 ice beasts
  A black bear (D:4)
  An ogre (D:6)
  2 sky beasts
  2 phantoms (D:6)
  5 centaurs
  A kobold brigand (D:6)
  3 bullfrogs
  2 scorpions
  A necrophage (D:7)
  2 gnoll sergeants (D:8)
  9 wights
  11 killer bees (D:9)
  6 howler monkeys
  4 orc priests
  2 gnoll boudas
  4 iguanas
  10 orc wizards
  16 gnolls
  5 adders
  3 shadow imps
  4 white imps
  An ufetubus (D:4)
  A worm (D:2)
  4 dart slugs
  25 orcs
  17 endoplasms
  5 giant cockroaches
  3 goblins
  2 quokkas (D:3)
  7 ball pythons
  8 bats
  3 frilled lizards
  16 kobolds
  3 rats (D:1)
218 creatures vanquished.

Vanquished Creatures (others)
  Maurice (D:8)
  13 foxfires (D:9)
  5 plants (D:6)
19 creatures vanquished.

Grand Total: 237 creatures vanquished

Notes
Turn   | Place    | Note
-------+----------+-------------------------------------------
     0 | D:1      | browni3141 the Mummy Cinder Acolyte began the quest for the
                  | Orb.
     0 | D:1      | Reached XP level 1. HP: 18/18 MP: 2/2
   165 | D:1      | Reached skill level 1 in Stealth
   229 | D:1      | Reached XP level 2. HP: 24/24 MP: 4/4
   242 | D:1      | Reached skill level 1 in Throwing
   902 | D:2      | Gained mutation: You are in touch with the powers of death.
                  | [Mummy growth]
   902 | D:2      | Reached XP level 3. HP: 29/29 MP: 5/5
  1026 | D:2      | Noticed Natasha
  1167 | D:2      | Found a runed translucent door.
  1168 | D:2      | Noticed Crazy Yiuf
  1794 | D:3      | Found a glowing drain.
  1821 | D:3      | Reached skill level 3 in Polearms
  1837 | Sewer    | Entered a sewer
  1954 | D:3      | Reached XP level 4. HP: 35/35 MP: 6/6
  2108 | D:4      | Noticed an ice beast
  2113 | D:4      | Learned a level 2 spell: Scorch
  2151 | D:4      | Found a staircase to the Ecumenical Temple.
  2387 | D:4      | Noticed a black bear
  2394 | D:4      | Killed a black bear
  2395 | D:4      | Reached skill level 4 in Polearms
  2395 | D:4      | Reached XP level 5. HP: 41/41 MP: 7/7
  2762 | D:4      | Reached skill level 5 in Polearms
  2762 | D:4      | Reached XP level 6. HP: 41/47 MP: 8/8
  3501 | D:3      | Reached skill level 1 in Armour
  3566 | D:4      | Killed an ice beast
  3632 | D:5      | Entered Level 5 of the Dungeon
  3855 | D:5      | Noticed a water moccasin
  4100 | D:5      | Reached XP level 7. HP: 52/52 MP: 9/9
  4311 | D:5      | Reached skill level 1 in Evocations
  4480 | D:6      | Reached skill level 6 in Polearms
  4570 | D:6      | Reached XP level 8. HP: 41/58 MP: 10/10
  5347 | D:6      | Reached skill level 7 in Polearms
  5562 | D:7      | Reached skill level 5 in Armour
  5763 | D:7      | Reached skill level 8 in Polearms
  5882 | D:7      | Reached XP level 9. HP: 63/63 MP: 11/11
  6108 | D:8      | Reached skill level 1 in Dodging
  6118 | D:8      | Noticed Gastronok
  6319 | D:8      | Killed Gastronok
  6320 | D:8      | Reached XP level 10. HP: 72/72 MP: 12/12
  6565 | D:8      | Noticed Maggie
  6571 | D:8      | Killed Maggie
  6796 | D:8      | Noticed Maurice
  6805 | D:8      | Noticed a boulder beetle
  6806 | D:8      | Killed Maurice
  6815 | D:8      | Killed a boulder beetle
  6816 | D:8      | Reached skill level 9 in Polearms
  7348 | D:9      | Reached skill level 5 in Fighting
  7369 | D:9      | Noticed Erolcha
  7374 | D:9      | Killed Erolcha
  7493 | D:9      | Noticed a boulder beetle
  7509 | D:9      | Killed a boulder beetle
  7958 | D:9      | Found a shimmering blue altar of Sif Muna.
  8061 | D:10     | Entered Level 10 of the Dungeon
  8077 | D:10     | Reached XP level 11. HP: 29/80 MP: 13/13
  8582 | D:10     | Noticed Josephine
  8595 | D:10     | Slain by a wraith

Illustrated notes

Levels and vault maps discovered:
D:1:      nicolae_arrival_somewhat_less_tricky_arrival, layout_rooms
D:2:      layout_basic, uniq_natasha, uniq_crazy_yiuf_cottage
D:3:      layout_loops_ring, gup_sewer_entry_glass, minmay_bisected
D:4:      layout_layer_cave, minmay_temple_entry_from_below_b
D:5:      layout_basic
D:6:      layout_loops_cross, tso_oasis_becter, nicolae_grassy_gnolls
D:7:      layout_loops_ring, nicolae_titane
D:8:      layout_basic, uniq_maurice, uniq_maggie, uniq_gastronok
D:9:      layout_loops_corners, nicolae_overflow_hidden_temple,
          kennysheep_orc_sif_temple, chequers_serial_rivers_marsh, uniq_erolcha
D:10:     kennysheep_ambush_hall, layout_loops_corners, uniq_josephine

Skill      XL: |  1  2  3  4  5  6  7  8  9 10 |
---------------+-------------------------------+-----
Stealth        | 1 |  1.0
Throwing       | 1 2 3 4 |  4.3
Polearms       | 3 4 5 6 8 9 |  9.9
Armour         | 2 3 5 6 7 |  7.6
Evocations     | 2 3 4 |  4.3
Dodging        | 2 3 |  3.6
Fighting       | 4 5 |  5.6
Spellcasting   | |  1.3
Fire Magic     | |  2.4

Action                     |  1- 3 |  4- 6 |  7- 9 | 10-12 || total
---------------------------+-------+-------+-------+-------++-------
  Melee: Spear             |   134 |   161 |   336 |       ||   631
         Punch             |     1 |     1 |     4 |       ||     6
         Halberd           |       |       |    31 |   208 ||   239
  Throw: Boomerang         |     3 |     5 |     2 |       ||    10
   Cast: Scorch            |       |     1 |       |       ||     1
 Invoke: Fiery Armour      |       |     2 |     2 |     1 ||     5
         Foxfire Swarm     |       |       |       |     1 ||     1
  Evoke: Wand              |       |       |       |     4 ||     4
    Use: Scroll            |     2 |     5 |     3 |     1 ||    11
   Stab: Sleeping          |     3 |     1 |       |       ||     4
         Distracted        |     1 |       |       |       ||     1
         Paralysed         |       |       |       |     7 ||     7
 Armour: Robe              |     2 |       |       |       ||     2
         Ring mail         |    25 |    11 |       |       ||    36
         Chain mail        |       |    31 |       |       ||    31
         Scale mail        |       |     9 |   122 |   128 ||   259
  Dodge: Dodged            |    51 |    48 |   122 |   127 ||   348

Table legend: (Time is in decaauts)
 A = Elapsed time spent in this place.
 B = Non-inter-level travel time spent in this place.
 C = Inter-level travel time spent in this place.
 D = Time resting spent in this place.
 E = Time spent auto-exploring this place.
 F = Levels seen in this place.
 G = Mean time per level.
                   A        B        C        D        E       F      G
               +--------+--------+--------+--------+--------+-----+--------+
         Total |   8705 |   8222 |    483 |    180 |   6124 |  11 |  791.4 |
       Dungeon |   8689 |   8206 |    483 |    180 |   6124 |  10 |  868.9 |
         Sewer |     16 |     16 |      0 |      0 |      0 |   1 |   16.0 |
               +--------+--------+--------+--------+--------+-----+--------+

Top non-repeatable levels by time:
     D:4: 1171 daAuts
     D:9: 1142 daAuts
     D:8: 958 daAuts
     D:2: 891 daAuts
     D:6: 855 daAuts
     D:3: 840 daAuts
     D:5: 792 daAuts
     D:7: 729 daAuts
     D:1: 718 daAuts
    D:10: 589 daAuts
   Sewer: 16 daAuts
